[Event "*** Titled Tuesday Blitz"]
[Site "Chess.com"]
[Date "2021.02.09"]
[Round "2"]
[White "nochewycandy"]
[Black "InitiatingASC"]
[Result "1-0"]
[WhiteElo "2671"]
[BlackElo "2413"]
[TimeControl "180+1"]
[EndTime "10:19:40 PST"]
[Termination "nochewycandy won by resignation"]

1. e4 c5 2. Nf3 Nc6 3. d4 cxd4 4. Nxd4 Nf6 5. Nc3 e5 6. Ndb5 h6 7. Nd5 Nxd5 8. exd5 a6 9. Nc3 Nb8 10. a4 d6 11. Bd3 Be7 12. O-O O-O 13. f4 Nd7 14.
Ne4 f5 15. Ng3 e4 16. Bc4 Qb6+ 17. Kh1 Bh4 18. Ne2 Bf6 19. c3 Rf7 20. Qb3 Qxb3 21. Bxb3 Nc5 22. Bc2 Bd7 23. Be3 a5 24. Nd4 Rc8 25.
Rfd1 g5 26. g3 Kg7 27. Ne6+ Nxe6 28. dxe6 Bxe6 29. Rxd6 Bd7 30. Bd4 Bc6 31. Bxf6+ Rxf6 32. Rxf6 Kxf6 33. Rd1 Ke7 34. Kg1 Rd8 35. Rxd8 Kxd8 36. Kf2 Ke7 37. Ke3 Ke6 38. b4 Kd6 39. Kd4 Bd5 40. h4 gxh4 41. gxh4 Bf7 42. bxa5 Be6 43.
c4 Bd7 44. Bb3 Bc6 45. c5+ Ke7 46. Ke5 e3 47. Bd1 Bxa4 48. Be2 Kd7 49. Kxf5 Kc6 50. Ke4 Kxc5 51. Kxe3 Kb4 52. a6 bxa6 53. Bxa6 Kc5 54. Ke4 Kd6 55. Kf5 Ke7 56. Kg6 Kf8 57. Kxh6 Kg8 58. Bc4+ Kh8 59. Kg5 Bd7 60. Bd3 Be6 61.
Bg6 Bh3 62. h5 Be6 63. h6 Bh3 64. Be4 Be6 65. Kf6 Bh3 66. Ke7 Bc8 67. Bg6 Bh3 68. Kf6 Bg4 69. Kg5 Bh3 70. Bh5 Be6 71. Bg4 Bf7 72. f5 Be8 73. Bf3 Bf7 74. Bc6 Bb3 75. f6 Bf7 76. Be4 Kg8 77. Bg6 Be6 78. Bf5 Bf7 79. Kf4 Bd5 80. Ke5 Bf7 81. Be6 1-0

[Event "*** Titled Tuesday Blitz"]
[Site "Chess.com"]
[Date "2021.02.09"]
[Round "2"]
[White "Aslanov_Umid"]
[Black "Kovalchuk94"]
[Result "0-1"]
[WhiteElo "2341"]
[BlackElo "2643"]
[TimeControl "180+1"]
[EndTime "10:19:42 PST"]
[Termination "Kovalchuk94 won by resignation"]

1. e4 e5 2. Nf3 d5 3. exd5 Bd6 4. Nc3 Nf6 5. d4 e4 6. Ne5 O-O 7. Bg5 Qe8 8. Bxf6 gxf6 9. Nxe4 Nd7 10. Bb5 Bxe5 11.
dxe5 Qxe5 12. Qg4+ Kh8 13. Qe2 Qxb2 14. O-O Re8 15.
Bxd7 Bxd7 16. Qf3 f5 17. Ng5 Qg7 18. Qh5 Kg8 19. Rae1 Bb5 20. Rxe8+ Rxe8 21. Rb1 h6 22. Nf3 Bd7 23. h3 b6 24. Qh4 Kh7 25. Qf4 Qc3 26.
Kh2 Re4 27. Qg3 Qxc2 28. Rb3 Qxa2 29. Rc3 Qxd5 30. Qxc7 Be6 31. Qxa7 b5 32. Qc5 Qxc5 33. Rxc5 b4 34. Rb5 b3 35. Nd2 Re2 36. Nxb3 Rxf2 37. Nd4 Kg6 38. Kg3 Rd2 39. Nf3 Rd3 40. Kf4 Kf6 41. Rb8 Ra3 42. Rh8 Kg7 43. Rb8 Ra2 44.
Kg3 f4+ 45. Kxf4 Rxg2 46. h4 Rg4+ 47. Ke3 Bd5 48. Nd4 Re4+ 49. Kd3 Rf4 50. Rd8 Be6 51. Ke3 Rxh4 52. Rb8 Kf6 53. Rb6 Rh3+ 54. Ke4 Rh4+ 55.
Ke3 h5 56. Rb8 Rh3+ 57. Ke4 h4 58. Rh8 Rh1 59. Rh6+ Kg7 60. Rh5 h3 61. Rg5+ Kf6 62.
Rg3 h2 63. Rf3+ Ke7 64. Rf2 Re1+ 0-1

[Event "*** Titled Tuesday Blitz"]
[Site "Chess.com"]
[Date "2021.02.09"]
[Round "2"]
[White "wonderfultime"]
[Black "TST2014"]
[Result "1-0"]
[WhiteElo "2928"]
[BlackElo "2558"]
[TimeControl "180+1"]
[EndTime "10:19:45 PST"]
[Termination "wonderfultime won by resignation"]

1. d4 Nf6 2. Nf3 g6 3. Bg5 Bg7 4. Nbd2 O-O 5. c3 d6 6. e4 c5 7.
dxc5 dxc5 8. Bc4 Nc6 9. Qe2 Qc7 10. O-O h6 11. Bxf6 Bxf6 12. Qe3 Ne5 13. Nxe5 Qxe5 14. Qxh6 Qg5 15. Qxg5 Bxg5 16. f4 Bh6 17. e5 Bf5 18.
Rad1 Rfd8 19. Nb3 Rxd1 20. Rxd1 Bxf4 21. e6 fxe6 22. Re1 b6 23. Bxe6+ Bxe6 24. Rxe6 Kf7 25. Re4 Bh6 26. Kf2 Rd8 27. Ke2 a5 28. a4 Kf6 29.
Ke1 e5 30. g3 Kf5 31. Re2 c4 32. Na1 Rd3 33. Nc2 Ke6 34. Na3 Kd5 35. Nb5 Be3 36.
Nc7+ Ke4 37. Ne6 Rd6 38. Ng5+ Kd3 39. Nf3 Ke4 40. Nxe5 Kxe5 41. Rxe3+ Kf5 42. Rf3+ Kg4 43. Rf4+ Kh3 44. Rxc4 Kxh2 45. g4 Kg3 46. Ke2 g5 47. b4 axb4 48. cxb4 Re6+ 49. Kd3 Rf6 50. Rd4 Rf3+ 51.
Kc4 Rf4 52. a5 bxa5 53. bxa5 Rf1 54. Kb5 Rb1+ 55. Rb4 Ra1 56. a6 Kf3 57. Ra4 Rb1+ 58. Kc5 Rb8 59. a7 Ra8 60. Kb6 Rh8 61. Kb7 Rh7+ 62.
Ka6 Rh6+ 63. Ka5 Rh8 64. Rb4 Kg3 65. Ka6 Ra8 66. Kb7 Rh8 67. a8=Q Rxa8 68. Kxa8 Kh4 69. Kb7 Kh3 70. Kc6 Kh4 71. Kd6 Kh3 72. Ke6 Kh4 73.
Kf6 Kh3 74. Kxg5 1-0

[Event "*** Titled Tuesday Blitz"]
[Site "Chess.com"]
[Date "2021.02.09"]
[Round "2"]
[White "AsaHoffmann"]
[Black "miredenizdogan"]
[Result "0-1"]
[WhiteElo "2396"]
[BlackElo "2226"]
[TimeControl "180+1"]
[EndTime "10:19:45 PST"]
[Termination "miredenizdogan won on time"]

1. d4 d5 2. Bg5 c5 3. dxc5 Nc6 4.
c3 f6 5. Bh4 a5 6. e4 dxe4 7.
Qxd8+ Nxd8 8. Na3 e5 9. Nb5 Kf7 10. Nd6+ Bxd6 11. cxd6 Be6 12. Bg3 Nc6 13. Bb5 Rd8 14.
O-O-O Nh6 15. Ne2 Nf5 16. b3 Na7 17. c4 Nxb5 18. cxb5 Rxd6 19. Nc3 Rxd1+ 20. Rxd1 Rc8 21. Kb2 Nd4 22. Nxe4 Rc2+ 23. Kb1 Re2 24. f3 Bf5 25. Rg1 Nxb5 26. Rc1 Bxe4+ 27. fxe4 Rxe4 28. a4 Nd4 29. Rc7+ Kg6 30. Rxb7 Re2 31. b4 axb4 32. Rxb4 h5 33.
a5 Nc6 34. Ra4 Rxg2 35. a6 f5 36. a7 Nxa7 37. Bxe5 Nb5 38. Ra5 Re2 39. Rxb5 Kg5 40. Kc1 g6 41. Kd1 Ra2 42. Bg3 Ra4 43. Bf2 Kg4 44. Rb2 f4 45. Ke2 g5 46. Rc2 Re4+ 47. Kf1 Ra4 48. Rc1 Ra3 49. Rd1 Kf3 50. Rc1 g4 51. Rd1 h4 52. Kg1 g3 53. hxg3 hxg3 54.
Be1 Re3 55. Rc1 Rb3 56. Rd1 Ke2 57. Rc1 f3 58. Bxg3 Rb5 59. Bf2 Rg5+ 60. Bg3 Rxg3+ 61. Kh2 Rg2+ 62. Kh3 Rg8 63. Rc2+ Ke3 64. Rc3+ Ke4 65. Rc4+ Kd3 66. Rf4 Ke3 67. Rf7 f2 68. Re7+ Kd2 69.
Kh2 f1=Q 0-1

[Event "*** Titled Tuesday Blitz"]
[Site "Chess.com"]
[Date "2021.02.09"]
[Round "2"]
[White "Aygehovit1992"]
[Black "Prostochendir"]
[Result "1-0"]
[WhiteElo "2612"]
[BlackElo "2261"]
[TimeControl "180+1"]
[EndTime "10:19:51 PST"]
[Termination "Aygehovit1992 won on time"]

1. e4 c5 2. Nf3 Nc6 3. Nc3 g6 4. Bb5 Bg7 5. O-O d6 6. e5 dxe5 7. Re1 Bg4 8. h3 Bxf3 9. Qxf3 Qd6 10. Ne4 Qd5 11. c4 Qd4 12. d3 f5 13. Ng5 Qd6 14. Qd5 Nh6 15. Ne6 Kf7 16. Nxg7+ Kxg7 17. Bxc6 bxc6 18.
Qxe5+ Qxe5 19. Rxe5 Ng8 20. Rxc5 Rc8 21. Ra5 Ra8 22.
Be3 a6 23. Re1 Kf7 24. Re5 h6 25. Bc5 Re8 26. d4 e6 27. Bb4 Nf6 28. Ra5 Ra8 29. f3 Rhb8 30. Bc3 Re8 31. Kf2 Nd7 32. g4 h5 33.
gxh5 gxh5 34. h4 Rg8 35. d5 exd5 36. cxd5 c5 37. d6 Rge8 38. Rxe8 Kxe8 39. Bd2 Kf7 40. Bf4 Ke6 41. Ra3 Kd5 42. Re3 Kc6 43. Re7 Rb8 44.
b3 Rb4 45. Kg3 Rd4 46. Rh7 a5 47. Rxh5 a4 48. bxa4 Rxa4 49. Rxf5 Rxa2 50. h5 Ra1 51. h6 Rh1 52. Kg2 Rh4 53. Kg3 Rh1 54. Rf7 c4 55. Kg2 Rh5 56. h7 c3 57. Kg3 c2 58.
Kg4 Rh2 59. Rg7 Rh1 60. Rg8 Rg1+ 61. Kf5 Nf6 62. Rc8+ Kd7 63. Rc7+ 1-0

[Event "*** Titled Tuesday Blitz"]
[Site "Chess.com"]
[Date "2021.02.09"]
[Round "2"]
[White "andrzej"]
[Black "Volodar_Murzin"]
[Result "1/2-1/2"]
[WhiteElo "2324"]
[BlackElo "2619"]
[TimeControl "180+1"]
[EndTime "10:19:53 PST"]
[Termination "Game drawn by stalemate"]

1. e4 c5 2. Nc3 Nc6 3. Bb5 d6 4. Bxc6+ bxc6 5. d3 e5 6. f4 f6 7. Nf3 Be6 8. O-O Ne7 9. b3 exf4 10. Bxf4 Ng6 11. Bg3 Be7 12. Qe2 O-O 13. Rae1 Qd7 14. Nh4 Nxh4 15. Bxh4 Rae8 16. Qf2 Bd8 17. Ne2 Ba5 18. Rd1 d5 19. Kh1 Bb6 20. Nf4 Bg4 21. Rde1 c4 22. Qg3 cxd3 23. cxd3 dxe4 24. h3 Bf5 25.
dxe4 Bxe4 26. Nh5 Bg6 27. Nf4 Bc7 28. Qf3 Rxe1 29. Rxe1 Bf7 30. Bf2 a5 31. Nd3 Bd5 32. Qg4 Qxg4 33. hxg4 Kf7 34. Nc5 Re8 35. Rxe8 Kxe8 36.
Kg1 Kd8 37. Kf1 Kc8 38. Nd3 Be6 39. Bc5 Bxg4 40. Bf8 g6 41. Bg7 Bd8 42. Kf2 Be7 43.
Kg3 Bf5 44. Nf4 Kd7 45. Kf3 g5 46. Ne2 Ke6 47. Nd4+ Ke5 48. Nxc6+ Kd6 49. Nxa5 Ke6 50. Nc6 Bc5 51. Na5 Kf7 52. Bh6 Kg6 53. g4 Bb1 54. a4 Kxh6 55. Nc4 Bc2 56. Nd2 Bb4 57. Nc4 Bxb3 58. Ne3 Bxa4 59. Nf5+ Kg6 60. Ne3 Bc6+ 61. Kg3 Bc5 62. Kh3 Bxe3 63. Kh2 Bf4+ 64. Kh3 h5 65. gxh5+ Kxh5 1/2-1/2

[Event "*** Titled Tuesday Blitz"]
[Site "Chess.com"]
[Date "2021.02.09"]
[Round "2"]
[White "hypert"]
[Black "iwanyu"]
[Result "1/2-1/2"]
[WhiteElo "2515"]
[BlackElo "2811"]
[TimeControl "180+1"]
[EndTime "10:19:54 PST"]
[Termination "Game drawn by repetition"]

1. e4 e5 2. Nc3 Nf6 3. Nf3 Nc6 4. d4 exd4 5. Nxd4 Bb4 6. Nxc6 bxc6 7. Bd3 O-O 8. O-O d5 9. Bd2 Bd6 10. h3 Re8 11.
Re1 Be5 12. Qf3 h6 13. Rad1 Rb8 14.
b3 Qd6 15. exd5 cxd5 16. Nb5 Qb6 17. Be3 c5 18. Bf4 Bxf4 19. Rxe8+ Nxe8 20. Qxf4 Be6 21. c4 Rd8 22. Nc3 dxc4 23. Bxc4 Rxd1+ 24. Nxd1 Bxc4 25. Qxc4 Nd6 26. Qd5 Nb5 27. Ne3 Nd4 28. Nf5 Ne2+ 29. Kh2 Nf4 30. Qa8+ Kh7 31. Ne7 h5 32. Qg8+ Kh6 33.
Qh8+ Kg5 34. Qxg7+ Ng6 35. h4+ Kxh4 36. Nxg6+ Qxg6 37. g3+ Kg4 38. Qe5 Qf5 39. f3+ Kg5 40. Qg7+ Qg6 41.
Qe5+ Qf5 42. Qg7+ Qg6 43. f4+ Kg4 44. Qb2 Qd3 45. Qg2 Kf5 46. Qh3+ Kg6 47. Qg2 f6 48. Qf2 Qc3 49. Qe2 Qd4 50. Kh3 Qd7+ 51. Kh2 Qd5 52.
Qc2+ Qf5 53. Qe2 h4 54. gxh4 Qxf4+ 55. Kh3 Kh6 56. Qg4 Qe3+ 57. Qg3 Qe6+ 58. Qg4 Qe3+ 59.
Qg3 Qe6+ 60. Qg4 f5 61. Qf4+ Kh7 62. Qg5 f4+ 63. Kg2 Qe2+ 64. Kh3 Qf3+ 65. Kh2 Qf2+ 66. Kh3 Qf3+ 67. Kh2 Qe4 68. Qh5+ Kg7 69. Qg5+ Kh7 70. h5 Qe2+ 71. Kh3 Qf3+ 72. Kh2 Qf2+ 73. Kh3 Qf3+ 74. Kh2 Qf2+ 75. Kh3 Qf3+ 1/2-1/2

[Event "*** Titled Tuesday Blitz"]
[Site "Chess.com"]
[Date "2021.02.09"]
[Round "2"]
[White "Vugar_Manafov"]
[Black "DinaBelenkaya"]
[Result "1-0"]
[WhiteElo "2651"]
[BlackElo "2373"]
[TimeControl "180+1"]
[EndTime "10:19:54 PST"]
[Termination "Vugar_Manafov won by checkmate"]

1. Nf3 d5 2. g3 Bg4 3. Bg2 c6 4. O-O Nd7 5. d3 e6 6. Nbd2 Bc5 7.
h3 Bh5 8. b3 Ngf6 9. Bb2 O-O 10.
e4 a5 11. a4 Qc7 12. Kh1 Rfd8 13. Qe2 Ba7 14. g4 Bg6 15. Nh4 dxe4 16. dxe4 e5 17. Nc4 Ne8 18. Rad1 f6 19. Ba3 Nc5 20.
Nf5 Bxf5 21. exf5 Rac8 22. Ne3 Nd6 23. Nc4 Kh8 24. Nxd6 Rxd6 25. Rxd6 Qxd6 26. Rd1 Qc7 27. Qc4 Na6 28. Bd6 Qd7 29. Rd3 Qe8 30. f3 Rd8 31.
Ba3 Rd4 32. Qc3 Qd7 33. Bf1 Rxd3 34. Bxd3 Qd4 35. Qxd4 Bxd4 36. Bxa6 bxa6 37. Kg2 Bb6 38. Kf1 Kg8 39. Ke2 Kf7 40. Kd3 Ke8 41. Kc4 Kd7 42.
Bc5 Bc7 43. Be3 Bd8 44. Kc5 g6 45. h4 gxf5 46. gxf5 h5 47. Bd2 Bc7 48. Kc4 Kd6 49.
Be3 Kd7 50. Bc5 Bd8 51. Bf8 Kc7 52. Kc5 Kd7 53. Bd6 Bc7 54. Bxc7 Kxc7 55. c3 Kd7 56. Kb6 Kd6 57. Kxa6 e4 58. fxe4 Ke5 59. Kxa5 Kxe4 60. b4 Kxf5 61. b5 Ke6 62. b6 f5 63. b7 f4 64.
b8=Q f3 65. Qf4 Kd5 66. Qxf3+ Kc4 67. Qxc6+ Kb3 68. c4 Ka2 69. c5 Ka3 70. Qb5 Ka2 71. c6 Ka1 72. c7 Ka2 73. c8=Q Ka3 74. Qc1+ Ka2 75. Qbb2# 1-0

[Event "*** Titled Tuesday Blitz"]
[Site "Chess.com"]
[Date "2021.02.09"]
[Round "2"]
[White "Siemba"]
[Black "dropstoneDP"]
[Result "1-0"]
[WhiteElo "2496"]
[BlackElo "2966"]
[TimeControl "180+1"]
[EndTime "10:20:00 PST"]
[Termination "Siemba won by resignation"]

1. e4 c5 2. Nf3 d6 3. d4 cxd4 4.
Nxd4 Nf6 5. Nc3 a6 6. Bg5 e6 7. f4 Be7 8. Qf3 Qc7 9. O-O-O b5 10. Bxf6 gxf6 11. a3 Bb7 12. f5 e5 13. Nb3 Nd7 14.
Nd5 Bxd5 15. Rxd5 Nb6 16. Rd1 Rg8 17. Bd3 Kf8 18. Kb1 Qc6 19. Nd2 a5 20. Qe2 b4 21.
Bb5 Qc7 22. a4 Rd8 23. Nc4 Nxc4 24. Bxc4 Qc6 25. Bb3 Rd7 26. Rd3 Bd8 27. Rhd1 Bb6 28. Qd2 Ke7 29. Qh6 Rf8 30. Qxh7 Qxe4 31. Qg7 Qxf5 32. Rxd6 Rxd6 33. Rxd6 Kxd6 34. Qxf8+ Kc7 35.
Qxf7+ Kd8 36. Qf8+ Kc7 37. Qe7+ Qd7 38. Qxf6 Bd4 39.
Qa6 Bb6 40. Qc4+ Kb8 41. Qe4 Qd6 42. h4 Bd4 43. h5 Qf6 44. Qe2 Qf4 45. g4 Kc7 46.
Qc4+ Kd6 47. Qe6+ Kc7 48. Qe7+ Kc6 49. Qe6+ Kc7 50. Qf7+ Kd6 51. Qxf4 exf4 52. g5 Kc5 53.
Kc1 f3 54. Kd2 Bxb2 55. h6 Bc1+ 56. Ke1 Bxg5 57. h7 Bf6 58. Kf2 Kd4 59. Kxf3 Ke5 60. Kg4 Ke4 61. Be6 Ke5 62. Bc8 Ke4 63. Kh5 Kd4 64.
Be6 Kc3 65. Bb3 Kd4 66. Kg6 Ke5 67. Kf7 Kf5 68. Kg8 Kg6 69. h8=Q Bxh8 70. Kxh8 Kf6 71.
Kg8 Ke7 72. Kg7 Kd6 73. Kf6 Kc6 74.
Ke5 Kc5 75. Ke4 Kc6 76. Kd4 Kd6 77. Kc4 Kc6 78. Ba2 1-0

[Event "*** Titled Tuesday Blitz"]
[Site "Chess.com"]
[Date "2021.02.09"]
[Round "2"]
[White "sokidze"]
[Black "floplover"]
[Result "1-0"]
[WhiteElo "2508"]
[BlackElo "2284"]
[TimeControl "180+1"]
[EndTime "10:20:00 PST"]
[Termination "sokidze won by resignation"]

1. d4 d5 2. Nf3 e6 3. g3 Nf6 4.
Bg2 Be7 5. c4 O-O 6. O-O dxc4 7.
Qa4 a6 8. Qxc4 b5 9. Qc2 Bb7 10. Bd2 Be4 11. Qc1 c6 12. a4 Nbd7 13. Nc3 Bd5 14.
Nxd5 cxd5 15. Qc6 b4 16. a5 Qb8 17. Bf4 Rc8 18. Qa4 Qa7 19. Rfc1 Ne4 20. Rc6 g5 21. Be3 Qb7 22. Rac1 h6 23. Ne5 Ndf6 24. Nd3 Kg7 25. Rxc8 Rxc8 26. Nc5 Qc6 27. Qxb4 Nxc5 28. dxc5 Nd7 29. Qd4+ f6 30. b4 Qb5 31. h3 Ne5 32. Kh2 Nc6 33. Qd2 Qxb4 34. Qd3 Qb5 35.
Qxb5 axb5 36. a6 Ra8 37. Rb1 b4 38. Ra1 Kf7 39. h4 Ke8 40. hxg5 hxg5 41. Bf3 Kd7 42.
Bd2 f5 43. g4 f4 44. e3 fxe3 45. Bxe3 d4 46. Bxc6+ Kxc6 47. Bxd4 Bxc5 48. Rc1 Rxa6 49.
Rxc5+ Kd6 50. Rb5 Ra2 51. Rxb4 e5 52. Be3 Kd5 53. Rb5+ Ke4 54. Kg3 Ra4 55. Rb3 Kd5 56. Bxg5 Ke6 57. Be3 Rc4 58. Rb6+ Kf7 59. g5 Kg7 60. f4 Ra4 61. fxe5 Re4 62. Bf4 Ra4 63. Kg4 Ra7 64. Kf5 Rf7+ 65. Rf6 Ra7 66. g6 Ra5 67. Rf7+ Kg8 68. Bh6 Ra8 69. Rf8+ Rxf8+ 70. Bxf8 Kh8 71. Bh6 Kg8 72. e6 Kh8 73. e7 1-0

[Event "*** Titled Tuesday Blitz"]
[Site "Chess.com"]
[Date "2021.02.09"]
[Round "2"]
[White "DenishevM"]
[Black "BrandonJacobson"]
[Result "1-0"]
[WhiteElo "2597"]
[BlackElo "2999"]
[TimeControl "180+1"]
[EndTime "10:20:03 PST"]
[Termination "DenishevM won by checkmate"]

1. d4 Nf6 2. Nf3 d5 3. c4 e6 4. e3 b6 5. b3 Bb7 6. Bb2 Nbd7 7.
Be2 Bd6 8. O-O O-O 9. Nc3 a6 10. Qc2 Qe7 11. Rfd1 dxc4 12. bxc4 c5 13. Rac1 cxd4 14.
exd4 Rac8 15. Qb3 Rc7 16. Na4 Rb8 17. Qd3 Be4 18. Qd2 Rbc8 19. Ne5 Ba8 20. Qe3 Rb8 21. Nc3 Ba3 22. Bxa3 Qxa3 23. Nxd7 Nxd7 24. d5 exd5 25.
cxd5 Rbc8 26. Rd3 Qc5 27. Qd2 Qf8 28. d6 Rc5 29. Rd1 Rd8 30. Nd5 Qxd6 31. Nf4 Qf6 32. Rxd7 Rxd7 33. Qxd7 g6 34. Qd8+ Kg7 35. Qxf6+ Kxf6 36.
Rd6+ Ke5 37. Rd8 Rc1+ 38. Bf1 Be4 39. Nd3+ Bxd3 40. Rxd3 Rc2 41. Re3+ Kf6 42. a3 b5 43. Rf3+ Ke7 44. h4 f5 45. Re3+ Kf6 46. g3 Ra2 47. Rd3 Ke7 48. Rc3 Kd6 49. h5 Rb2 50. Rd3+ Ke5 51.
h6 Kf6 52. Rd7 g5 53. Rd6+ Ke5 54. Rxa6 b4 55. a4 b3 56. Ra5+ Kd4 57. Rb5 Ra2 58. Rxb3 Rxa4 59. Rb7 Ke5 60. Rxh7 Kf6 61. Rc7 Ra8 62.
Rc6+ Kf7 63. Bd3 f4 64. Kg2 fxg3 65. fxg3 Rd8 66. Bc4+ Kf8 67. Kh3 Rd4 68. Rc7 Rd1 69.
h7 Rh1+ 70. Kg4 Rh6 71. h8=Q+ Rxh8 72. Rc8+ Kg7 73. Rxh8 Kxh8 74. Kxg5 Kg7 75. Be2 Kh8 76. g4 Kg7 77. Kh5 Kh8 78. Kg6 Kg8 79. g5 Kh8 80.
Kh6 Kg8 81. g6 Kh8 82. g7+ Kg8 83. Bc4# 1-0

[Event "*** Titled Tuesday Blitz"]
[Site "Chess.com"]
[Date "2021.02.09"]
[Round "2"]
[White "frazier69"]
[Black "Rud_Makarian"]
[Result "0-1"]
[WhiteElo "2517"]
[BlackElo "2842"]
[TimeControl "180+1"]
[EndTime "10:20:04 PST"]
[Termination "Rud_Makarian won on time"]

1. c4 Nf6 2. Nc3 e6 3. e4 e5 4. Nf3 Nc6 5. Be2 d6 6. d4 Bg4 7. Be3 Bxf3 8. Bxf3 exd4 9. Bxd4 g6 10. Be3 Bg7 11. O-O O-O 12. Be2 Re8 13. f3 Nh5 14. g4 Nf6 15. Kh1 h5 16. g5 Nh7 17.
h4 Kh8 18. Qd2 f6 19. Rg1 fxg5 20. hxg5 Qd7 21. Kg2 Nf8 22. Nd5 Ne6 23. Rh1 Rf8 24. Rad1 Rae8 25. b4 Ncd4 26. Nf6 Bxf6 27. gxf6 Nxe2 28.
Rde1 Rxf6 29. Qxe2 Ref8 30. Qb2 Kg8 31. Rh3 Nf4+ 32.
Bxf4 Rxf4 33. Rg3 Qf7 34. Re3 Kh7 35. Qd4 b6 36. Qd5 Re8 37. Qxf7+ Rxf7 38. Rd3 Re5 39. Rd5 Rfe7 40. Rh3 Kg7 41. Rh1 Kf6 42. Rhd1 g5 43. Kg3 R7e6 44. a3 Ke7 45. a4 Kd7 46. c5 bxc5 47.
bxc5 Rxd5 48. Rxd5 Re5 49. Rd3 Rxc5 50. Rb3 Ra5 51.
Rb4 c5 52. Rb7+ Kc6 53. Rg7 Rxa4 54. Rxg5 Rb4 55. Rxh5 a5 56. Rh8 Kb7 57. Rd8 Rb6 58. f4 a4 59. e5 dxe5 60. fxe5 a3 61. Rd1 a2 62. Ra1 Rb2 63. Kf4 Kc6 64. Ke4 Kb5 65. Kd3 Kb4 66. e6 Ka3 67. e7 Rb8 68. Re1 Re8 0-1

[Event "*** Titled Tuesday Blitz"]
[Site "Chess.com"]
[Date "2021.02.09"]
[Round "2"]
[White "semchik73"]
[Black "Twitch_ElhamBlitz05"]
[Result "0-1"]
[WhiteElo "2338"]
[BlackElo "2743"]
[TimeControl "180+1"]
[EndTime "10:20:06 PST"]
[Termination "Twitch_ElhamBlitz05 won on time"]

1. Nf3 Nf6 2. c4 d6 3. d4 g6 4.
Nc3 Bg7 5. e3 O-O 6. Be2 Nc6 7.
O-O e5 8. b3 exd4 9. exd4 Re8 10. Bg5 Bg4 11. h3 Bxf3 12. Bxf3 h6 13. Be3 Qd7 14.
Qd2 Kh7 15. Rfe1 Re7 16. a3 Rae8 17. b4 a6 18. Rab1 Qf5 19. b5 Na5 20. Be2 axb5 21. Rxb5 Nxc4 22. Bxc4 Qc8 23. Reb1 c6 24. R5b2 d5 25.
Bd3 Ne4 26. Nxe4 dxe4 27. Bc4 f5 28. Rb3 Rd8 29. Rd1 b5 30. Be2 Red7 31. Qc2 Rd5 32. a4 bxa4 33. Rb4 a3 34. Rc4 a2 35. Qxa2 Qc7 36.
Qc2 f4 37. Rxc6 Qf7 38. Bc1 f3 39. gxf3 exf3 40. Bd3 R5d6 41. Rxd6 Rxd6 42. Be4 Bxd4 43. Be3 Qf6 44. Rxd4 Rxd4 45. Bxd4 Qxd4 46. Qc7+ Kh8 47. Qc8+ Kg7 48. Qb7+ Kf6 49. Bxf3 Qa1+ 50. Kg2 Qd4 51.
Qc7 h5 52. Qc6+ Kg7 53. Qd5 Qa1 54. Qd7+ Kh6 55. Be4 Qe5 56. Bd3 Qg5+ 57. Kf1 Qc1+ 58. Ke2 Qb2+ 59. Ke3 Qe5+ 60. Kf3 Qf6+ 61. Kg3 Qg5+ 62.
Kf3 Qf6+ 63. Ke2 Qe5+ 64. Kd2 Qf4+ 65. Kc3 Qxf2 66. Qe6 Qg3 67. Kd4 Qf2+ 68. Kd5 Qf3+ 69. Be4 Qg3 70. h4 Qg1 71. Qf6 Qd1+ 72. Ke6 Qg4+ 0-1

[Event "*** Titled Tuesday Blitz"]
[Site "Chess.com"]
[Date "2021.02.09"]
[Round "2"]
[White "eCztery"]
[Black "GoltsevDmitry2000"]
[Result "1/2-1/2"]
[WhiteElo "2487"]
[BlackElo "2717"]
[TimeControl "180+1"]
[EndTime "10:20:09 PST"]
[Termination "Game drawn - insufficient material"]

1. e4 c5 2. Nf3 e6 3. d4 cxd4 4. Nxd4 a6 5. g3 Nf6 6. Bg2 Qc7 7. O-O Nc6 8. Nc3 Be7 9. Re1 d6 10. Nxc6 bxc6 11. e5 dxe5 12. Rxe5 O-O 13. Bf4 Qb7 14.
Na4 Nd5 15. Bd2 Bf6 16. Re4 Rd8 17. Ba5 Nc3 18. Qe1 Nxe4 19. Bxd8 Bxd8 20. Qxe4 Bd7 21. Rd1 Be8 22. b3 Be7 23. Nb2 Qc7 24. Nc4 Rd8 25. Rxd8 Qxd8 26. Bf3 Qd5 27. Qf4 Qb5 28. Qc7 Qc5 29. Qc8 Kf8 30. Kg2 f6 31. Qxe6 a5 32. Ne3 g6 33. a4 f5 34. Nc4 Kg7 35. Ne5 Bf6 36. Nxc6 Bf7 37. Qe2 g5 38. h3 h5 39.
Qb5 Qxc2 40. Ne5 g4 41. hxg4 hxg4 42. Bc6 Qxb3 43. Nxf7 Qxb5 44. axb5 Kxf7 45. b6 Be5 46. Kf1 Ke6 47. Ke2 Kd6 48. Be8 Kd5 49. b7 Bd6 50. Bd7 Ke5 51. Kd3 Bb8 52. Kc4 Ke4 53. Kb5 Bc7 54. Kc6 Bb8 55. Kb6 a4 56. Bxa4 Kf3 57. Bd7 Kxf2 58. Bxf5 Kxg3 59. Kc6 Kf4 60. Bd3 Kf3 61.
Kd7 g3 62. Bb5 Kf2 63. Bc6 g2 64. Bxg2 Kxg2 65. Kc8 Bh2 66. Kd8 Kf3 67. Kd7 Ke4 68.
Kc6 Kd4 69. Kd7 Kc4 70. Kc6 Kb4 71. Kb6 Bg3 72. Kc6 Bb8 73. Kd5 Kb5 74. Ke6 Kb6 75. Kd7 Kxb7 1/2-1/2

[Event "*** Titled Tuesday Blitz"]
[Site "Chess.com"]
[Date "2021.02.09"]
[Round "2"]
[White "Egorov_Pavel"]
[Black "salomez"]
[Result "0-1"]
[WhiteElo "2394"]
[BlackElo "2201"]
[TimeControl "180+1"]
[EndTime "10:20:09 PST"]
[Termination "salomez won on time"]

1. d4 Nf6 2. c4 g6 3. Nc3 d5 4. Nf3 Bg7 5. cxd5 Nxd5 6. e4 Nxc3 7. bxc3 c5 8. Be3 Qa5 9. Qd2 cxd4 10. cxd4 Qxd2+ 11. Kxd2 O-O 12. Bb5 a6 13. Bd3 Bg4 14.
Rab1 b5 15. Rhc1 Nd7 16. Rc6 Rfc8 17. Rbc1 Nf8 18. h3 Bd7 19. Rxc8 Rxc8 20. Rxc8 Bxc8 21.
Kc3 Nd7 22. Kb4 e6 23. a4 bxa4 24. Kxa4 f5 25. Ka5 fxe4 26. Bxe4 Bf6 27. Bg5 Kf7 28. Bxf6 Kxf6 29. Bd3 e5 30. Bxa6 Bxa6 31. Kxa6 exd4 32. Nxd4 Nc5+ 33. Kb5 Nd3 34. f4 Nxf4 35. g3 Nxh3 36.
Kc4 Ke5 37. Kd3 Nf2+ 38. Ke3 Ng4+ 39. Kd3 Nf2+ 40. Ke3 Nd1+ 41. Kd3 Nb2+ 42. Kc3 Na4+ 43. Kd3 Nc5+ 44. Ke3 g5 45. Nf3+ Kf5 46. Kf2 h5 47. Kg2 Ne4 48. Nd4+ Ke5 49. Nf3+ Kf5 50. Ne1 Kg4 51.
Nd3 Nxg3 52. Ne5+ Kf5 53. Nd3 h4 54. Kh3 Ke4 55. Nf2+ Kf3 56. Ng4 Kf4 57. Nh2 Ne4 58. Nf1 Nf2+ 59. Kg2 Ne4 60. Kh3 Nf2+ 61. Kg2 Ng4 62. Kh3 Ne3 63. Nd2 Nd5 64. Nf1 Nf6 65. Nd2 Ng4 66. Nf1 Ne3 67. Nd2 Nf5 68. Nf1 g4+ 69.
Kg2 h3+ 70. Kh2 Nh4 71. Ng3 Nf3+ 72. Kh1 Ng5 73. Nh5+ Kf3 74. Kh2 Ne4 0-1

[Event "*** Titled Tuesday Blitz"]
[Site "Chess.com"]
[Date "2021.02.09"]
[Round "2"]
[White "RafalBRC"]
[Black "Vusatiuk_Vladimir"]
[Result "1-0"]
[WhiteElo "2083"]
[BlackElo "2363"]
[TimeControl "180+1"]
[EndTime "10:20:13 PST"]
[Termination "RafalBRC won by checkmate"]

1. d4 e5 2. dxe5 Nc6 3. Nf3 Qe7 4. Nc3 Nxe5 5. Nxe5 Qxe5 6. e4 Bb4 7. Qd3 Nf6 8. f3 d5 9. Bd2 dxe4 10. Nxe4 Nxe4 11. Qb5+ Qxb5 12. Bxb5+ c6 13. Bxb4 cxb5 14. fxe4 a5 15. Bc5 Bg4 16. h3 Bh5 17. O-O O-O-O 18. Bb6 Rd2 19.
Bxa5 Rxc2 20. Rac1 Rxc1 21. Rxc1+ Kb8 22. Rc5 Bg6 23.
Bc7+ Kc8 24. e5 Kd7 25. Bd6 Be4 26. Rc7+ Ke6 27. Re7+ Kd5 28. Rxf7 g6 29. Rxb7 Bd3 30. b3 Ra8 31. a3 h5 32. Re7 Bc2 33. Rb7 Kc6 34.
Rc7+ Kd5 35. Rxc2 Re8 36. Re2 Ke6 37. Bb4 Rc8 38. a4 bxa4 39. bxa4 Rc4 40. Rb2 Kxe5 41. a5 Rc6 42. Be1 Ke4 43. Rb6 Rc1 44. Kf1 g5 45. a6 Ra1 46. Re6+ Kf4 47. Kf2 g4 48. hxg4 hxg4 49. Kg1 g3 50. Rf6+ Kg5 51. Re6 Kf5 52.
Re2 Rxa6 53. Bxg3 Kg4 54. Be1 Ra1 55. Kf2 Ra3 56. Re3 Ra2+ 57. Re2 Ra1 58. Rb2 Ra3 59.
Rb4+ Kf5 60. Bd2 Ra2 61. Ke2 Ra3 62. Be3 Ra2+ 63. Kf3 Ra5 64. g4+ Kg6 65. Kf4 Ra6 66. Bd4 Kf7 67. Rb6 Ra2 68. Kg5 Rd2 69. Be5 Rd5 70. Kf5 Rd1 71. Rb7+ Kg8 72. g5 Rf1+ 73. Kg6 Rf8 74. Rb8 Rxb8 75. Bxb8 Kh8 76. Kf6 Kh7 77.
g6+ Kg8 78. Be5 Kh8 79. Kf7# 1-0

[Event "*** Titled Tuesday Blitz"]
[Site "Chess.com"]
[Date "2021.02.09"]
[Round "2"]
[White "superchess02"]
[Black "KyronGriffith"]
[Result "1/2-1/2"]
[WhiteElo "2785"]
[BlackElo "2509"]
[TimeControl "180+1"]
[EndTime "10:20:17 PST"]
[Termination "Game drawn by stalemate"]

1. d4 Nf6 2. c4 g6 3. Nc3 Bg7 4. e4 d6 5. Nf3 O-O 6. Be2 e5 7. O-O exd4 8. Nxd4 Re8 9. f3 c6 10.
Kh1 Nbd7 11. Bf4 Ne5 12. Qd2 Nh5 13. Be3 Qh4 14. Bf2 Qf4 15. Be3 Qh4 16. Bf2 Qf4 17.
Qc2 Qf6 18. Rad1 Nf4 19. g3 Nxe2 20. Qxe2 Bh3 21. Rg1 Rad8 22. g4 h5 23. g5 Qe7 24.
b3 Nd7 25. Rde1 Qe5 26. Nd1 Qa5 27. Be3 d5 28. Nf2 dxe4 29. Nxh3 exf3 30. Qxf3 Ne5 31. Qf1 Ng4 32. Nc2 Qxa2 33. Rg2 Qxb3 34. Rge2 Rd3 35. Qf4 Be5 36. Qe4 Rdd8 37. Bxa7 Qxh3 38. Bb6 Rd7 39. Bd4 Rde7 40. Qg2 Qd3 41. Bc5 Re6 42. h3 Qxc4 43. Ba3 Bc3 44. Rxe6 Rxe6 45. Rxe6 Qxe6 46. hxg4 hxg4 47.
Qf2 Qe4+ 48. Kg1 Qe5 49. Qc5 Qxc5+ 50. Bxc5 Bd2 51. Be7 b5 52. Nd4 b4 53. Nxc6 b3 54.
Bf6 b2 55. Bxb2 Bxg5 56. Kg2 f5 57. Ne5 Bf6 58. Nd3 Bxb2 59. Nxb2 Kf7 60. Kg3 Kf6 61. Nc4 Kg5 62. Nd6 f4+ 63. Kg2 Kf6 64. Ne4+ Ke5 65. Nf2 Kf5 66. Kf1 g3 67. Nd3 Kg4 68. Ne5+ Kf5 69.
Nf3 Ke4 70. Kg2 Ke3 71. Nh4 g5 72. Nf5+ Ke4 73. Nxg3+ fxg3 74. Kxg3 Kf5 75. Kf3 g4+ 76. Kg3 Kg5 77. Kg2 Kf4 78. Kf2 g3+ 79. Kg2 Kg4 80.
Kg1 Kh4 81. Kg2 Kg4 82. Kg1 Kf3 83. Kf1 Ke3 84. Kg2 Kf4 85. Kg1 Ke4 86. Kg2 Kf4 87.
Kg1 Kf3 88. Kf1 g2+ 89. Kg1 Kg3 1/2-1/2